 Dungeon Crawl Stone Soup version 0.30-a0-393-g54b8e3be05 (webtiles) character file.

Game seed: 6805399819621331867

39 NinjaNoafa the Insei (level 3, -3/23 HPs)
             Began as an Octopode Transmuter on Dec 5, 2022.
             Slain by a gnoll
             ... wielding a +0 club
              (4 damage)
             ... on level 2 of the Dungeon.
             The game lasted 00:06:33 (1440 turns).

NinjaNoafa the Insei (Octopode Transmuter)          Turns: 1440, Time: 00:06:33

Health: -3/23      AC:  1    Str:  9    XL:     3   Next: 47%
Magic:  6/6        EV: 13    Int: 23    God:
Gold:   107        SH:  0    Dex: 12    Spells: 3/6 levels left

rFire   . . .      SeeInvis .    m - +2 long sword (holy)
rCold   . . .      Faith    .    (no shield)
rNeg    . . .      Spirit   .    (helmet currently unavailable)
rPois   .          Reflect  .    (no amulet)
rElec   .          Harm     .    c - +6 ring of intelligence
rCorr   .          Rampage  .    (no ring)
Will    .....                    (no ring)
Stlth   +++.......               (no ring)
HPRegen 0.23/turn                (no ring)
MPRegen 0.10/turn                (no ring)
                                 (no ring)
                                 (no ring)

@: appendages (expiring)
A: tentacle spike 3, almost no armour, amphibious, 8 rings, camouflage 1,
gelatinous body 1, (nimble swimmer 1), tentacles
a: End Transformation


You were on level 2 of the Dungeon.
One of your tentacles had grown a beastly spike.
You visited 1 branch of the dungeon, and saw 2 of its levels.

You collected 107 gold pieces.

Inventory:

Hand Weapons
 m - a +2 long sword of holy wrath (weapon)
Missiles
 e - 20 stones
Jewellery
 c - a +6 ring of intelligence (left tentacle)
Scrolls
 d - 2 scrolls of identify {unknown}
 g - a scroll of immolation {unknown}
 j - a scroll of amnesia {unknown}
Potions
 a - a potion of lignification
 b - a potion of brilliance {unknown}
 f - a potion of attraction {unknown}
 h - 2 potions of curing {unknown}
 i - 2 potions of degeneration {unknown}
 k - 2 potions of berserk rage {unknown}
 l - 2 potions of mutation {unknown}
 n - a potion of heal wounds {unknown}


   Skills:
 + Level 1.5 Fighting
 + Level 2.2 Dodging
 + Level 1.5 Stealth
 + Level 3.2 Unarmed Combat
 + Level 2.3 Spellcasting
 + Level 2.3 Transmutations


You had 3 spell levels left.
You knew the following spells:

 Your Spells              Type           Power      Damage    Failure   Level
a - Beastly Appendage     Tmut           26%        N/A       4%          1
b - Wereblood             Tmut           13%        N/A       7%          2

Your spell library contained the following spells:

 Spells                   Type           Power      Damage    Failure   Level
 Spider Form              Tmut/Pois      8%         N/A       22%         3
 Ice Form                 Ice/Tmut       8%         N/A       58%         4


Dungeon Overview and Level Annotations

Branches:
Dungeon (2/15)

Altars:


Innate Abilities, Weirdness & Mutations

One of your tentacles has grown a beastly spike.
You cannot wear most types of armour.
You are amphibious.
You can wear up to eight rings at the same time.
Your skin changes colour to match your surroundings (Stealth+).
Your rubbery body absorbs attacks. (AC +1, EV +1)
((You are camouflaged when in or above water. (Stealth+)))
You have tentacles for arms and can constrict up to eight enemies at once.


Message History

Casting: Beastly Appendage (safe; 4% risk of failure)
Confirm with . or Enter, or press ? or * to list all spells.
One of your tentacles grows a vicious spike.
The gnoll shouts! x2; You hear a shout!
A gnoll comes into view. It is wielding a +0 spear.
You barely miss the gnoll. You grab the gnoll.
You pierce the gnoll.
You squeeze the gnoll.
The gnoll is severely wounded.
You constrict the gnoll.
The gnoll struggles to escape constriction.
You hit the gnoll.
You pierce the gnoll.
The gnoll is almost dead.
You constrict the gnoll, but do no damage.
The gnoll escapes!
The gnoll barely misses you. The gnoll hits you with a +0 club!
You hit the gnoll.
You kill the gnoll!
The gnoll barely misses you.
You hit the gnoll. You grab the gnoll.
The gnoll is moderately wounded.
You constrict the gnoll. The gnoll barely misses you.
The gnoll hits you from afar with a +0 spear.
The gnoll barely misses you. The gnoll hits you with a +0 club.
The gnoll barely misses you.
The gnoll hits you from afar with a +0 spear.
* * * LOW HITPOINT WARNING * * *
You hit the gnoll. Your grab misses the gnoll. Your squeeze misses the gnoll.
The gnoll is heavily wounded.
You constrict the gnoll.
The gnoll hits you from afar with a +0 spear.
* * * LOW HITPOINT WARNING * * *
The gnoll hits you with a +0 club.
* * * LOW HITPOINT WARNING * * *
The gnoll barely misses you.
You release your grip on the gnoll.
Your transformation is almost over.
The gnoll attacks as you move away! The gnoll hits you with a +0 club.
* * * LOW HITPOINT WARNING * * *
The gnoll attacks as you move away! The gnoll hits you with a +0 club.
You die...

######## ####### #......#
.......#####..###.#
#.)g.g.....##.#
#..####g....#.######### #...
##g..#..........# #....
##@###.#######.# #.... #.#####
###.### #.##. #~~~~# #.)...#
##.##. ##~≈≈~## #.###.# .....
##.~≈≈~~# #.# #.# #.#
##..~~≈≈~## #.###.# ##.##
##....~≈≈~~# ##.....#
#####...####.....~~≈≈~###....###
...........'......~≈≈~.......#


You could see 3 gnolls.

Vanquished Creatures
  A gnoll (D:2)
  A dart slug (D:1)
  A ball python (D:1)
  3 bats
  3 endoplasms
  A giant cockroach (D:1)
  3 hobgoblins
  7 goblins
  2 kobolds
  2 rats
24 creatures vanquished.

Notes
Turn   | Place    | Note
-------+----------+-------------------------------------------
     0 | D:1      | NinjaNoafa the Octopode Transmuter began the quest for the
                  | Orb.
     0 | D:1      | Reached XP level 1. HP: 13/13 MP: 3/3
   300 | D:1      | Reached XP level 2. HP: 18/18 MP: 3/5
   305 | D:1      | Reached skill level 1 in Stealth
  1002 | D:2      | Reached XP level 3. HP: 20/23 MP: 4/6
  1126 | D:2      | Found a faded altar of an unknown god.
  1298 | D:2      | Learned a level 2 spell: Wereblood
  1438 | D:2      | HP: 1/23 [gnoll/+0 club (2)]
  1440 | D:2      | Slain by a gnoll

Illustrated notes

Levels and vault maps discovered:
D:1:      dpeg_arrival_three_same_balls, layout_loops_ring, skrybe_limestone_x,
          grunt_decor_fettered
D:2:      wander_river, layout_loops_corners, shapermc_ecumenical_altar_petra,
          hangedman_abyss_or_decor_lesser_grid

Skill      XL: |  1  2 |
---------------+-------+-----
Stealth        | 1 |  1.5
Fighting       | |  1.5
Dodging        | |  2.2
Unarmed Combat | |  3.2
Spellcasting   | |  2.3
Transmutations | |  2.3

Action                   || total
-------------------------++-------
Melee: Unarmed           ||    36
       Kick              ||    12
       Constrict         ||    16
       Tentacles         ||     7
       Punch             ||     1
       Long sword        ||     8
 Cast: Beastly Appendage ||    16
 Stab: Sleeping          ||     5
Armor: Skin              ||     6
Dodge: Dodged            ||    36

Table legend: (Time is in decaauts)
 A = Elapsed time spent in this place.
 B = Non-inter-level travel time spent in this place.
 C = Inter-level travel time spent in this place.
 D = Time resting spent in this place.
 E = Time spent auto-exploring this place.
 F = Levels seen in this place.
 G = Mean time per level.
                   A        B        C        D        E       F      G
               +--------+--------+--------+--------+--------+-----+--------+
         Total |   1438 |   1387 |     51 |      0 |   1174 |   2 |  719.0 |
       Dungeon |   1438 |   1387 |     51 |      0 |   1174 |   2 |  719.0 |
               +--------+--------+--------+--------+--------+-----+--------+

Top non-repeatable levels by time:
     D:1: 939 daAuts
     D:2: 499 daAuts
